 Dungeon Crawl Stone Soup version 0.31-a0-1626-g5cb510d322 (webtiles) character file.

Game seed: 8107170539582703780

106 seren the Magician (level 5, -1/37 HPs)
             Began as a Djinni Hedge Wizard on Jan 12, 2024.
             Killed from afar by an orc wizard (7 damage)
             ... with a magic dart
             ... on level 3 of the Dungeon.
             The game lasted 00:07:37 (2861 turns).

seren the Magician (Djinni Hedge Wizard)            Turns: 2861, Time: 00:07:38

Health: -1/37      AC:  2    Str:  9    XL:     5   Next: 10%
Gold:   213        EV: 13    Int: 17    God:
                   SH:  0    Dex: 13

rFire   + + .        b - +0 whip (vamp)
rCold   x . .        (no shield)
rNeg    . . .        o - +0 robe
rPois   ∞            c - +0 hat
rElec   .            (no cloak)
rCorr   .            (no gloves)
SInv    .            (boots unavailable)
Will    .....        (no amulet)
Stlth   ++           (no ring)
HPRegen 0.26/turn    (no ring)
MPRegen 0.00/turn

%: infuse magic (-2 HP)
@: flying
A: sickness immunity, fire resistance 2, cold vulnerability 1, float, innate
caster, HP casting, extra vitality 1
a: no special abilities


You were on level 3 of the Dungeon.
You visited 1 branch of the dungeon, and saw 4 of its levels.

You collected 213 gold pieces.

Inventory:

Hand Weapons
 a - a +2 whip of electrocution
 b - a +0 vampiric whip (weapon)
 d - a +0 dagger
Armour
 c - a +0 hat (worn)
 o - a +0 robe (worn)
Scrolls
 e - a scroll of identify {unknown}
 f - 2 scrolls of poison {unknown}
 g - 2 scrolls of acquirement {unknown}
 h - 2 scrolls of immolation {unknown}
 i - 4 scrolls of fog {unknown}
 k - a scroll of teleportation {unknown}
 l - a scroll of torment {unknown}
Potions
 m - a potion of mutation {unknown}
 n - a potion of magic {unknown}
 p - 2 potions of curing {unknown}


   Skills:
 + Level 1.1 Fighting
 + Level 3.4 Dodging
 + Level 2.6 Stealth
 + Level 3.5 Spellcasting
 + Level 3.5 Conjurations
 + Level 3.5 Hexes
 + Level 3.5 Summonings
 + Level 3.5 Necromancy
 + Level 3.5 Translocations
 + Level 3.5 Fire Magic
 + Level 3.5 Ice Magic
 + Level 3.5 Air Magic
 + Level 3.5 Earth Magic
 + Level 3.5 Alchemy


You knew the following spells:

 Your Spells              Type           Power      Damage    Failure   Level
a - Magic Dart            Conj           60%        1d6       3%          1
b - Slow                  Hex            60%        N/A       3%          1
c - Blink                 Tloc           30%        N/A       6%          2
d - Call Imp              Summ           30%        N/A       6%          2
e - Mephitic Cloud        Conj/Alch/Air  15%        N/A       12%         3
f - Kiss of Death         Conj/Necr      60%        2d10      3%          1
g - Jinxbite              Hex            30%        N/A       6%          2
Your spell library was empty.

Dungeon Overview and Level Annotations

Branches:
Dungeon (4/15)
 Temple: D:4-7

Altars:
Fedhas

Shops:
D:3 [

Annotations:
D:4 Pikel


Innate Abilities, Weirdness & Mutations

You are immune to sickness and miasma.
You are immune to poison.
Your flesh is very heat resistant. (rF++)
You are vulnerable to cold. (rC-)
You float through the air rather than walking.
You learn spells naturally, not from books.
Your magical power is your life essence.
You have superior vitality. (+4 MHP)


Message History

* * * LOW HITPOINT WARNING * * *
You feel ready to blink again.
A puff of flame appears from out of thin air!
The puff of flame hits you. You resist.
* * * LOW HITPOINT WARNING * * *
The jelly jiggles.
You are confused.
You are no longer corroded.
You bump into the rock wall.
You feel less confused.
You are confused.
A magic dart appears from out of thin air!
The magic dart hits you.
* * * LOW HITPOINT WARNING * * *
You feel less confused.
You reach down and open the door.
You hear some strange, mumbled words.
Something tries to affect you, but you resist.
There is an open door here.
An orc wizard appears from thin air!
Reactivating autopickup.
There is a stone staircase leading up here.
Aiming: Magic Dart (safe; 3% risk of failure)
Press: ? - help, Q - select action, (/) - cycle Shift-Dir - straight line, f/p - jelly
Aim: a jelly (almost dead, 100% to hit)
The magic dart hits the orc wizard.
The orc wizard is moderately wounded.
* * * LOW HITPOINT WARNING * * *
Casting: Magic Dart (safe; 3% risk of failure)
Confirm with . or Enter, or press ? or * to list all spells.
Okay, then.
Aiming: Magic Dart (safe; 3% risk of failure)
Press: ? - help, Q - select action, (/) - cycle Shift-Dir - straight line, f/p - jelly
Aim: a jelly (almost dead, 100% to hit)
The magic dart hits the orc wizard.
The orc wizard is heavily wounded.
* * * LOW HITPOINT WARNING * * *
The orc wizard casts a spell at you. The magic dart hits you!
You die...

#.# #.# #.. #.# #.# ###
#.# #.# #.# #.# #.# #.#
##.######## #.#
#.........# #.#
##.........# #J#
#........@.# #.#
##...~....o.# #.#
#..~~.....J.# #.#
####...~~......######.####
#.....~........#....{J...#
######~.#+###'##.####.##.#
#..........J..)...#.#####
##.#.####....###.........
#.#.# #....###.##....##


You could see a jelly and an orc wizard.

Vanquished Creatures
  4 adders
  4 dart slugs
  2 ribbon worms
  5 ball pythons
  6 endoplasms
  2 giant cockroaches (D:1)
  6 goblins
  6 hobgoblins
  3 jackals (D:1)
  3 quokkas
  3 bats
  A frilled lizard (D:2)
  3 kobolds
  5 rats
53 creatures vanquished.

Notes
Turn   | Place    | Note
-------+----------+-------------------------------------------
     0 | D:1      | seren the Djinni Hedge Wizard began the quest for the Orb.
     0 | D:1      | seren set off with the following spells memorised: Magic
                  | Dart, Slow, Blink, Call Imp, Mephitic Cloud.
     0 | D:1      | Reached XP level 1. HP: 15/15 MP: 0/0
   122 | D:1      | Reached XP level 2. HP: 17/21 MP: 0/0
   351 | D:1      | Reached XP level 3. HP: 9/25 MP: 0/0
   351 | D:1      | Learned a level 1 spell: Kiss of Death
  1466 | D:2      | Reached XP level 4. HP: 29/31 MP: 0/0
  1514 | D:2      | You are sucked into a shaft and drop 1 floor!
  1533 | D:3      | Found a blossoming altar of Fedhas.
  1822 | D:2      | Found a blossoming altar of Fedhas.
  1964 | D:3      | Found Ikatz's Armour Shoppe.
  2408 | D:3      | Reached XP level 5. HP: 21/36 MP: 0/0
  2408 | D:3      | Learned a level 2 spell: Jinxbite
  2670 | D:3      | Reached skill level 1 in Fighting
  2710 | D:4      | Noticed a lemure
  2710 | D:4      | Noticed a lemure
  2710 | D:4      | Noticed a lemure
  2747 | D:4      | Noticed Pikel
  2747 | D:4      | Noticed a lemure
  2861 | D:3      | Killed from afar by an orc wizard

Illustrated notes

Levels and vault maps discovered:
D:1:      dpeg_arrival_tiny_h, layout_loops_ring, minmay_shallow_snake_nest
D:2:      layout_basic, basic_altar
D:3:      layout_basic, fedhas_ov_isle_minmay, serial_shops,
          nicolae_shop_window_shopping, chequers_serial_rivers_micro_c
D:4:      layout_layer_cave, uniq_pikel

Skill      XL: |  1  2  3  4  5 |
---------------+----------------+-----
Stealth        | 2 |  2.6
Dodging        | 3 |  3.4
Fighting       | 1 |  1.1
Spellcasting   | |  3.5
Conjurations   | |  3.5
Hexes          | |  3.5
Summonings     | |  3.5
Necromancy     | |  3.5
Translocations | |  3.5
Fire Magic     | |  3.5
Ice Magic      | |  3.5
Air Magic      | |  3.5
Earth Magic    | |  3.5
Alchemy        | |  3.5

Action                     |  1- 3 |  4- 6 || total
---------------------------+-------+-------++-------
  Melee: Dagger            |    41 |       ||    41
         Punch             |     1 |       ||     1
         Whip              |    12 |    31 ||    43
   Cast: Magic Dart        |    73 |    53 ||   126
         Blink             |       |     1 ||     1
         Jinxbite          |       |     1 ||     1
    Use: Potion            |       |     1 ||     1
   Stab: Sleeping          |       |     2 ||     2
 Armour: Robe              |    38 |    26 ||    64
  Dodge: Dodged            |    39 |    30 ||    69

Table legend: (Time is in decaauts)
 A = Elapsed time spent in this place.
 B = Non-inter-level travel time spent in this place.
 C = Inter-level travel time spent in this place.
 D = Time resting spent in this place.
 E = Time spent auto-exploring this place.
 F = Levels seen in this place.
 G = Mean time per level.
                   A        B        C        D        E       F      G
               +--------+--------+--------+--------+--------+-----+--------+
         Total |   2865 |   2706 |    159 |    225 |   1873 |   4 |  716.2 |
       Dungeon |   2865 |   2706 |    159 |    225 |   1873 |   4 |  716.2 |
               +--------+--------+--------+--------+--------+-----+--------+

Top non-repeatable levels by time:
     D:1: 1088 daAuts
     D:3: 1022 daAuts
     D:2: 744 daAuts
     D:4: 10 daAuts
